 Dungeon Crawl Stone Soup version 0.22.1-6-g1668fe2c40 (webtiles) character file.

32540 LabCoat the Basher (level 13, -12/114 HPs)
             Began as a Deep Dwarf Fighter on Jan 20, 2019.
             Was the Champion of Makhleb.
             Mangled by an orc warrior
             ... wielding a +0 trident
             ... led by an orc warlord
              (24 damage)
             ... on level 2 of the Orcish Mines.
             The game lasted 02:35:30 (12661 turns).

LabCoat the Basher (Deep Dwarf Fighter)            Turns: 12661, Time: 02:35:30

Health: -12/114    AC: 26    Str: 25    XL:     13   Next: 31%
Magic:  7/7        EV:  9    Int: 17    God:    Makhleb [******]
Gold:   2753       SH: 14    Dex: 15    Spells: 19/19 levels left

rFire    + . .     SeeInvis +   F - +3 mace (venom)
rCold    + . .     Gourm    .   H - +2 shield
rNeg     + . .     Faith    +   Q - +2 plate armour {rN+}
rPois    .         Spirit   .   I - +0 helmet of the Dice {Int+5 Slay+2 SInv}
rElec    .         Reflect  .   J - scarf {rC+ rF+}
rCorr    .         Harm     .   R - +1 pair of gloves {archery}
MR       +....     Clarity  +   a - +1 pair of boots
Stlth    ..........             w - amulet of faith
HPRegen  0.00/turn              v - ring of stealth
MPRegen  0.10/turn              g - +4 ring of strength

@: very slightly contaminated, non-regenerating
A: damage resistance, heal wounds, thin metallic scales 1, thin skeletal
structure 1, yellow scales 1, clarity, sense surroundings 2, no regeneration
a: Heal Wounds, Minor Destruction, Lesser Servant of Makhleb, Major Destruction,
Greater Servant of Makhleb, Renounce Religion


You were on level 2 of the Orcish Mines.
You worshipped Makhleb.
Makhleb was exalted by your worship.
You were not hungry.

You visited 3 branches of the dungeon, and saw 16 of its levels.
You also visited: Ossuary.

You collected 5474 gold pieces.
You spent 2721 gold pieces at shops.

Inventory:

Hand Weapons
 j - a +3 mace of holy wrath
 r - a +0 shortbow
 y - a +0 blowgun
 D - a +1 hunting sling of flaming
 F - a +3 mace of venom (weapon)
 S - a +3 mace
Missiles
 e - 2 curare-tipped needles
 h - 271 arrows
 k - 57 poisoned needles
 m - 17 sling bullets
 o - 62 bolts
 B - 2 needles of confusion
 K - 5 tomahawks (quivered)
Armour
 a - a +1 pair of boots (worn)
 n - a +0 large shield
 H - a +2 shield (worn)
 I - the +0 helmet of the Dice (worn) {Int+5 Slay+2 SInv}
   (You found it on level 8 of the Dungeon)

   It affects your intelligence (+5).
   It affects your accuracy and damage with ranged weapons and melee attacks
   (+2).
   It lets you see invisible.
 J - a scarf of resistance (worn)
 Q - a +2 plate armour of positive energy (worn)
 R - a +1 pair of gloves of archery (worn)
Jewellery
 c - an uncursed ring of protection from fire
 g - a +4 ring of strength (right hand)
 i - an uncursed ring of poison resistance
 v - a ring of stealth (left hand)
 w - an amulet of faith (around neck)
Wands
 p - a wand of digging (24)
 x - a wand of flame (28)
 C - a wand of random effects (75)
 G - a wand of iceblast (3)
Scrolls
 b - 2 scrolls of magic mapping
 q - 12 scrolls of teleportation
 t - 5 scrolls of identify
 A - 6 scrolls of fog
 L - 2 scrolls of amnesia
 M - 3 scrolls of remove curse
 O - a scroll of acquirement
Potions
 d - 3 potions of might
 s - 2 potions of cancellation
 u - a potion of flight
 z - a potion of ambrosia
 E - 2 potions of haste
 N - 2 potions of brilliance
Comestibles
 f - 22 rations


   Skills:
 + Level 6.7 Fighting
   Level 6.8(10.1) Axes
 * Level 10.7(11.4) Maces & Flails
 + Level 0.4(5.5) Slings
 * Level 4.8 Bows
 * Level 7.5 Throwing
 * Level 9.2 Armour
 + Level 6.0 Dodging
 - Level 2.1 Stealth
 + Level 10.1 Shields
 - Level 3.5 Spellcasting
 * Level 7.8 Invocations
 + Level 2.2 Evocations


You had 19 spell levels left.
You didn't know any spells.
Your spell library contained the following spells:

 Spells                   Type           Power        Failure   Level  Hunger
 Animate Skeleton         Necr           N/A          98%         1    None
 Magic Dart               Conj           #...         98%         1    None
 Pain                     Necr           #...         98%         1    None
 Shock                    Conj/Air       #...         98%         1    None
 Blink                    Tloc           N/A          99%         2    ##.....
 Call Imp                 Summ           #.......     99%         2    ##.....
 Slow                     Hex            #.......     99%         2    ##.....
 Swiftness                Chrm/Air       #.......     99%         2    ##.....
 Conjure Flame            Conj/Fire      #.......     100%        3    ###....
 Mephitic Cloud           Conj/Pois/Air  #.......     100%        3    ###....
 Static Discharge         Conj/Air       #.......     100%        3    ###....
 Vampiric Draining        Necr           #.........   100%        3    ###....
 Airstrike                Air            #.........   100%        4    ####...
 Animate Dead             Necr           N/A          100%        4    ####...
 Dispel Undead            Necr           #.......     100%        5    ######.
 Lightning Bolt           Conj/Air       #.........   100%        5    ######.
 Venom Bolt               Conj/Pois      #.........   100%        5    ######.
 Regeneration             Chrm/Necr      Unusable     N/A         3    N/A

Dungeon Overview and Level Annotations

Branches:
Dungeon (13/15)            Temple (1/1) D:7            Lair (0/6) D:11
    Orc (2/2) D:11         Vaults (0/5) D:13
    Elf: Orc:2

Altars:
Dithmenos
Elyvilon
Hepliaklqana
Kikubaaqudgha
Makhleb
Okawaru
Uskayaw
Yredelemnul
Zin

Shops:
D:8 [   D:12 [*:   D:13 ?

Annotations:
D:4 1 runed door


Innate Abilities, Weirdness & Mutations

You are resistant to damage.
You can heal yourself by infusing magical energy.
You passively map the area around you.
You do not regenerate.
You are partially covered in thin metallic scales. (AC +2)
You have a somewhat thin skeletal structure. (Dex +2, Stealth)
You are partially covered in yellow scales. (AC +2)
You possess an exceptional clarity of mind.


Message History

The orc warrior hits you from afar with a trident.
* * * LOW HITPOINT WARNING * * *
You thump the orc knight!
You kill the orc knight!
Makhleb accepts your kill.
The orc warrior hits you but does no damage.
Throwing (i - inventory)
K - 7 tomahawks (quivered)
Press: ? - help, Shift-Dir - straight line, f - orc warrior
Aim: an orc warrior, wielding a trident and wearing a chain mail (severely You throw a tomahawk.
The tomahawk hits the orc warrior but does no damage.
The orc warrior is severely wounded.
Throwing (i - inventory)
K - 6 tomahawks (quivered)
Press: ? - help, Shift-Dir - straight line, f/p - orc warrior
Aim: an orc warrior, wielding a trident and wearing a chain mail (severely You throw a tomahawk.
The tomahawk hits the orc warrior but does no damage.
The orc warrior is severely wounded.
The orc warrior hits you from afar with a trident!!
You die...

..............#....#.............
..#.#.................#...#......
................##.#.#...........
................###.....#.......
.................###.#.#.......#*
................#.#######.#..###
..#..................## *#...#
......................# *#.##
................@.#..#######.###
....#.....#......)o..#.#.#.....##
.........#...#.#..(..)))........#
........###.....#......#.#).#...#
.#......###.....#####..##()....##
..#......###.....# #...##o)..(..
..........#.....## ##.##.o.....(
#.##.#.#.##...### *#.##....#...
#######.......## *............


You could see an orc warrior.

Vanquished Creatures
  An orc warlord (Orc:2)
  An ettin (D:13)
  A hydra (D:13)
  Erica (D:8)
  3 two-headed ogres
  2 centaur warriors
  3 death yaks (D:11)
  2 unseen horrors
  An unseen horror (shapeshifter) (D:13)
  2 orc knights (Orc:2)
  6 ugly things
  An orc sorcerer (Orc:2)
  A deep elf mage (D:10)
  2 manticores
  A cyclops (D:11)
  A gargoyle (D:12)
  A freezing wraith (D:13)
  A komodo dragon (shapeshifter) (D:13)
  2 tengu conjurers (D:12)
  6 trolls
  2 hornets
  6 slime creatures (D:13)
  A hippogriff (D:8)
  Sigmund (D:3)
  A meliai zombie (D:10)
  A wraith (D:13)
  A shadow (D:12)
  13 yaks
  A wyvern (D:11)
  Eustachio (D:4)
  A yak (shapeshifter) (D:13)
  3 hungry ghosts
  3 vampire mosquitoes
  2 wargs (Orc:2)
  4 black bears
  18 orc warriors
  5 sky beasts
  4 ice beasts
  3 phantoms
  2 necrophages
  10 ogres
  3 centaurs
  A crocodile (D:12)
  3 big kobolds
  A gnoll sergeant (D:8)
  10 bullfrogs
  5 scorpions
  A water moccasin skeleton (D:10)
  7 killer bees
  A howler monkey (D:6)
  8 wights
  A bullfrog zombie (D:9)
  9 crimson imps
  A centaur zombie (Ossuary)
  7 hounds
  8 jellies
  2 quasits
  A human zombie (Ossuary)
  16 orc priests
  Crazy Yiuf (D:4)
  A bullfrog skeleton (D:11)
  5 centaur skeletons
  4 iguanas
  19 orc wizards
  A hell rat (D:11)
  7 worker ants
  A hound skeleton (D:9)
  2 mummies (Ossuary)
  A howler monkey zombie (D:8)
  A worker ant zombie (D:5)
  Robin (D:2)
  4 gnolls (D:7)
  A howler monkey skeleton (D:7)
  14 adders
  A river rat (D:11)
  2 shadow imps
  An adder zombie (D:6)
  An adder skeleton (D:5)
  2 worms
  A dart slug (D:5)
  7 leopard geckos
  71 orcs
  4 bats
  3 giant cockroaches
  3 gnoll zombies (Ossuary)
  6 goblins
  13 hobgoblins
  10 jackals
  3 quokkas
  4 frilled lizards
  A jackal zombie (D:5)
  18 kobolds
  A kobold zombie (Ossuary)
  A leopard gecko zombie (D:8)
  2 orc zombies (Ossuary)
  8 rats
433 creatures vanquished.

Vanquished Creatures (collateral kills)
  A fire dragon (D:10)
  3 orc warriors (Orc:2)
  An eye of draining (D:10)
  An ogre (Orc:1)
  A bullfrog (D:12)
  A wight (D:12)
  2 orc priests
  An orc wizard (D:12)
  An iguana (D:12)
  An adder (D:12)
  An orc (Orc:1)
14 creatures vanquished.

Vanquished Creatures (others)
  A sky beast (D:5)
  An orc wizard (D:5)
2 creatures vanquished.

Grand Total: 449 creatures vanquished

Notes
Turn   | Place    | Note
-------+----------+-------------------------------------------
     0 | D:1      | LabCoat the Deep Dwarf Fighter began the quest for the Orb.
     0 | D:1      | Reached XP level 1. HP: 20/20 MP: 1/1
    62 | D:1      | Gained mutation: You are partially covered in yellow
                  | scales. (AC +2) [potion of mutation]
    62 | D:1      | Gained mutation: You have a somewhat thin skeletal
                  | structure. (Dex +2, Stealth) [potion of mutation]
    62 | D:1      | Gained mutation: You are partially covered in thin metallic
                  | scales. (AC +2) [potion of mutation]
    62 | D:1      | Gained mutation: You possess an exceptional clarity of
                  | mind. [potion of mutation]
   139 | D:1      | Reached XP level 2. HP: 17/27 MP: 2/2
   574 | D:2      | Reached XP level 3. HP: 25/33 MP: 2/2
   818 | D:2      | Noticed Robin
   827 | D:2      | Killed Robin
   827 | D:2      | Reached skill level 1 in Stealth
   901 | D:2      | Reached XP level 4. HP: 29/40 MP: 3/3
  1087 | D:2      | Noticed a necrophage
  1092 | D:2      | Killed a necrophage
  1092 | D:2      | Reached skill level 1 in Throwing
  1092 | D:2      | Reached skill level 1 in Spellcasting
  1092 | D:2      | Reached XP level 5. HP: 35/48 MP: 3/5
  1503 | D:3      | Noticed a hungry ghost
  1516 | D:3      | Reached skill level 1 in Dodging
  1528 | D:3      | Paralysed by fainting for 7 turns
  1561 | D:3      | Killed a hungry ghost
  1561 | D:3      | Reached XP level 6. HP: 46/56 MP: 4/6
  1615 | D:3      | Noticed Sigmund
  1633 | D:3      | Killed Sigmund
  1633 | D:3      | Reached skill level 5 in Armour
  1858 | D:3      | Reached XP level 7. HP: 52/62 MP: 7/7
  2263 | D:4      | Found a runed door.
  2267 | D:4      | Noticed Crazy Yiuf
  2271 | D:4      | Killed Crazy Yiuf
  2557 | D:4      | Noticed Eustachio
  2567 | D:4      | Killed Eustachio
  2679 | D:4      | Reached skill level 5 in Shields
  2735 | D:4      | Found a glowing silver altar of Zin.
  2735 | D:4      | Found a runed door.
  2735 | D:4      | Noticed an angel
  2801 | D:4      | Reached XP level 8. HP: 60/69 MP: 9/9
  2885 | D:5      | Entered Level 5 of the Dungeon
  2906 | D:5      | Found an iron altar of Okawaru.
  2923 | D:5      | Reached skill level 5 in Axes
  3042 | D:5      | Found a hazy altar of Hepliaklqana.
  3893 | D:6      | Gained mutation: You passively map the area around you.
                  | [Deep Dwarf growth]
  3893 | D:6      | Reached XP level 9. HP: 51/78 MP: 11/11
  3986 | D:6      | Found a white marble altar of Elyvilon.
  4272 | D:6      | Reached skill level 1 in Evocations
  4409 | D:6      | Found a sand-covered staircase.
  4415 | Ossuary  | Entered an ossuary
  5079 | D:7      | Found a staircase to the Ecumenical Temple.
  5093 | Temple   | Entered the Ecumenical Temple
  5104 | Temple   | Became a worshipper of Makhleb the Destroyer
  5459 | D:7      | Found a hide-covered altar of Uskayaw.
  5499 | D:7      | Reached skill level 1 in Invocations
  5720 | D:8      | Reached skill level 1 in Maces & Flails
  5770 | D:8      | Found Rodiwawo's Antique Armour Shoppe.
  5780 | D:8      | Bought a pair of boots for 126 gold pieces
  5780 | D:8      | Bought a chain mail for 126 gold pieces
  5925 | D:8      | Noticed Erica
  5932 | D:8      | Noticed a centaur warrior
  5965 | D:8      | Killed Erica
  5965 | D:8      | Reached skill level 1 in Bows
  5965 | D:8      | Reached skill level 5 in Dodging
  5965 | D:8      | Reached XP level 10. HP: 60/87 MP: 12/12
  6015 | D:8      | Killed a centaur warrior
  6015 | D:8      | Reached * piety under Makhleb
  6015 | D:8      | Reached skill level 5 in Fighting
  6072 | D:8      | Reached skill level 5 in Throwing
  6131 | D:8      | Reached skill level 5 in Maces & Flails
  6350 | D:8      | Found a faded altar of an unknown god.
  6350 | D:8      | Found a basalt altar of Yredelemnul.
  6355 | D:8      | Found an ancient bone altar of Kikubaaqudgha.
  6356 | D:8      | Noticed a green ugly thing
  6357 | D:8      | Found a faded altar of an unknown god.
  6358 | D:8      | Found a shadowy altar of Dithmenos.
  6397 | D:8      | Killed a green ugly thing
  6751 | D:8      | Got a faintly humming helmet
  6752 | D:8      | Identified a scroll of acquirement
  6794 | D:8      | Bought a runed plate armour for 728 gold pieces
  6794 | D:8      | Bought a runed scarf for 224 gold pieces
  6819 | D:8      | Identified the cursed +0 helmet of the Dice {Int+5 Slay+2
                  | SInv} (You found it on level 8 of the Dungeon)
  7016 | D:9      | Reached ** piety under Makhleb
  7455 | D:9      | Noticed a green ugly thing
  7477 | D:9      | Killed a green ugly thing
  7477 | D:9      | Reached XP level 11. HP: 96/96 MP: 11/11
  7655 | D:10     | Entered Level 10 of the Dungeon
  7840 | D:10     | Reached *** piety under Makhleb
  8368 | D:10     | Noticed a fire dragon
  8369 | D:10     | Noticed an unseen horror
  8371 | D:10     | Noticed a deep elf mage
  8371 | D:10     | Noticed a centaur warrior
  8378 | D:10     | Killed an unseen horror
  8378 | D:10     | Reached skill level 5 in Invocations
  8404 | D:10     | Killed a deep elf mage
  8406 | D:10     | Killed a centaur warrior
  8537 | D:10     | Killed a fire dragon
  8942 | D:11     | Noticed a brown ugly thing
  8968 | D:11     | Killed a brown ugly thing
  9009 | D:11     | Noticed a death yak
  9010 | D:11     | Identified Cidoehum's Handbook of Unholy Envenoming
  9012 | D:11     | Noticed a death yak
  9015 | D:11     | Noticed a death yak
  9040 | D:11     | Killed a death yak
  9060 | D:11     | Killed a death yak
  9082 | D:11     | Killed a death yak
  9137 | D:11     | Found a staircase to the Lair.
  9152 | D:11     | Reached **** piety under Makhleb
  9367 | D:11     | Found a staircase to the Orcish Mines.
  9386 | D:11     | Noticed a two-headed ogre
  9398 | D:11     | Killed a two-headed ogre
  9398 | D:11     | Reached XP level 12. HP: 83/104 MP: 10/10
  9614 | D:11     | You fall through a shaft for 2 floors!
  9738 | D:13     | Noticed a two-headed ogre
  9748 | D:13     | Killed a two-headed ogre
  9918 | D:13     | Reached ***** piety under Makhleb
  9938 | D:13     | Found Futrukh's Magic Scroll Boutique.
  9968 | D:13     | Bought a scroll of remove curse for 54 gold pieces
  9968 | D:13     | Bought a scroll of remove curse for 54 gold pieces
  9968 | D:13     | Bought 2 scrolls of identify for 72 gold pieces
  9968 | D:13     | Bought a scroll of identify for 36 gold pieces
  9968 | D:13     | Bought a scroll of identify for 36 gold pieces
  9968 | D:13     | Bought a scroll of teleportation for 54 gold pieces
  9968 | D:13     | Bought a scroll of teleportation for 54 gold pieces
  9993 | D:12     | Noticed a blizzard demon
 10028 | D:12     | HP: 1/105 [troll (7)]
 10074 | D:12     | Found Fuysi's Assorted Antiques.
 10086 | D:12     | Bought a scroll labeled PUZECO BEWNAUPN for 25 gold pieces
 10086 | D:12     | Bought a potion of might for 100 gold pieces
 10086 | D:12     | Bought 2 scrolls of teleportation for 150 gold pieces
 10086 | D:12     | Bought a scroll of enchant armour for 187 gold pieces
 10210 | D:12     | Found Nauxuplu's Book Boutique.
 10456 | D:12     | Found Beomeris's Armour Shop.
 10467 | D:12     | Bought a +2 plate armour of positive energy for 481 gold
                  | pieces
 10467 | D:12     | Bought a +1 pair of gloves of archery for 214 gold pieces
 10721 | D:13     | Reached skill level 10 in Maces & Flails
 10734 | D:13     | Noticed a five-headed hydra
 10751 | D:13     | Killed a five-headed hydra
 11293 | D:13     | Noticed an ettin
 11323 | D:13     | Killed an ettin
 11332 | D:13     | Found a gate to the Vaults.
 11644 | D:11     | Reached XP level 13. HP: 91/114 MP: 9/9
 11834 | Orc:1    | Entered Level 1 of the Orcish Mines
 12336 | Orc:2    | Entered Level 2 of the Orcish Mines
 12426 | Orc:2    | Reached ****** piety under Makhleb
 12489 | Orc:2    | Paralysed by an orc sorcerer for 2 turns
 12581 | Orc:2    | Reached skill level 10 in Shields
 12586 | Orc:2    | Found a burning altar of Makhleb.
 12590 | Orc:2    | Noticed an orc warlord
 12623 | Orc:2    | Killed an orc warlord
 12661 | Orc:2    | Mangled by an orc warrior

Skill      XL: |  1  2  3  4  5  6  7  8  9 10 11 12 13 |
---------------+----------------------------------------+-----
Stealth        | 1 2 |  2.1
Shields        | 4 5 6 7 9 10 | 10.1
Axes           | 3 4 6 |  6.8
Throwing       | 1 2 3 4 5 6 7 |  7.5
Armour         | 4 5 6 7 8 9 |  9.2
Spellcasting   | 1 2 3 |  3.5
Fighting       | 3 4 5 6 |  6.7
Dodging        | 1 2 4 5 6 |  6.0
Evocations     | 2 |  2.2
Invocations    | 2 4 6 7 |  7.8
Maces & Flails | 3 6 9 10 | 10.7
Bows           | 1 2 3 4 |  4.8
Slings         | |  0.4

Action                   |  1- 3 |  4- 6 |  7- 9 | 10-12 | 13-15 || total
-------------------------+-------+-------+-------+-------+-------++-------
Melee: War axe           |   139 |   141 |   497 |       |       ||   777
       Mace              |       |       |    82 |  1115 |   188 ||  1385
 Fire: Hunting sling     |       |       |     8 |     4 |     8 ||    20
       Shortbow          |       |       |     2 |       |       ||     2
Throw: Javelin           |     8 |    13 |    32 |    76 |    11 ||   140
       Throwing net      |     1 |     1 |     3 |       |       ||     5
       Tomahawk          |       |       |       |    29 |    29 ||    58
Invok: Lesser Servant of |       |       |       |     3 |     1 ||     4
       Minor Destruction |       |       |       |     1 |       ||     1
       Greater Servant o |       |       |       |     1 |     1 ||     2
       Major Destruction |       |       |       |       |     1 ||     1
 Abil: Heal Wounds       |     1 |     2 |     7 |    22 |     4 ||    36
Evoke: Wand              |       |       |     2 |     7 |       ||     9
  Use: Potion            |     2 |     4 |     5 |    16 |       ||    27
       Scroll            |     6 |     2 |    12 |    15 |     2 ||    37
 Stab: Sleeping          |       |       |     3 |       |       ||     3
       Invisible         |       |       |     2 |     2 |       ||     4
       Distracted        |       |       |     1 |       |     1 ||     2
  Eat: Chunk             |       |     7 |    10 |    13 |     1 ||    31
       Ration            |       |     2 |     2 |     3 |     1 ||     8
Armor: Scale mail        |    79 |    69 |   195 |       |       ||   343
       Chain mail        |       |       |    26 |   105 |       ||   131
       Plate armour      |       |       |       |   463 |    80 ||   543
Dodge: Dodged            |    57 |    34 |   174 |   345 |    75 ||   685
Block: Shield            |    90 |    65 |   324 |   819 |   176 ||  1474
